Map: Oxide LE

Players

黑羽快斗 (ButAlways)

  • Race: Protoss Protoss
  • League: Grandmaster
  • Spawn Location: 1:00

Has - Winner!

  • Race: Protoss Protoss
  • Spawn Location: 7:00

Event: DreamHack SC2 Masters 2020 Winter

VOD

Have the link to the VOD?

Description

Time

  • Played on: Oct. 24, 2020, 8:17 a.m.
  • Length: 9:24

All games in this series

Show
View Real Time Build Order
Export as new Build Order

黑羽快斗 Protoss 

Build Orders: 1 Gate Expand 

Get SALT Encoding   

  12  0:00  Probe  
  13  0:12  Probe  
  14  0:19  Pylon  
  14  0:24  Probe  
  15  0:37  Probe (Chrono Boost)  
  15  0:38  Gateway  
  16  0:46  Probe (Chrono Boost)  
  16  0:47  Assimilator  
  17  0:51  Probe  
  18  1:04  Probe  
  19  1:16  Probe  
  20  1:25  Nexus  
  20  1:35  Cybernetics Core  
  20  1:37  Probe  
  21  1:44  Assimilator  
  21  1:49  Probe  
  22  1:55  Pylon  
  22  2:01  Probe  
  23  2:10  Stalker (Chrono Boost)  
  23  2:13  Probe  
  26  2:21  Stargate  
  26  2:25  Probe  
  27  2:33  Stalker  
  29  2:39  Probe  
  29  2:41  Shield Battery  
  29  2:44  Probe  
  31  2:47  Warp Gate  
  31  2:53  Probe  
  31  2:56  Pylon  
  32  3:02  Void Ray (Chrono Boost)  
  34  3:26  Probe x2  
  35  3:38  Probe x2  
  34  3:43  Void Ray (Chrono Boost)  
  36  3:50  Probe  
  36  3:51  Probe  
  37  4:01  Shield Battery  
  36  4:03  Probe x2  
  38  4:15  Probe x2  
  38  4:16  Robotics Facility  
  40  4:23  Void Ray (Chrono Boost)  
  40  4:24  Shield Battery  
  40  4:27  Probe  
  41  4:34  Probe  
  46  4:42  Probe  
  46  4:45  Pylon  
  45  4:46  Probe  
  43  4:54  Adept  
  43  4:55  Probe  
  45  5:09  Probe  
  45  5:10  Probe  
  45  5:22  Probe x2  
  47  5:32  Assimilator  
  47  5:33  Assimilator  
  47  5:34  Probe x2  
  49  5:36  Pylon  
  49  5:46  Probe  
  54  5:54  Probe (Chrono Boost)  
  54  5:55  Pylon  
  55  6:00  Probe (Chrono Boost)  
  48  6:04  Stalker  
  48  6:06  Probe (Chrono Boost)  
  48  6:15  Gateway, Probe x2 (Chrono Boost)  
  48  6:16  Gateway, Observer  
  50  6:20  Probe  
  50  6:21  Shield Battery  
  50  6:22  Probe (Chrono Boost)  
  51  6:30  Stalker  
  46  6:32  Probe (Chrono Boost)  
  46  6:34  Probe (Chrono Boost)  
  45  6:42  Probe x2 (Chrono Boost)  
  47  6:47  Probe (Chrono Boost)  
  47  6:48  Probe  
  47  6:52  Pylon  
  49  6:55  Stalker  
  49  6:59  Probe  
  49  7:00  Probe  
  53  7:03  Gateway  
  52  7:10  Stalker x2  
  52  7:13  Probe  
  57  7:17  Probe  
  58  7:24  Gateway  
  58  7:25  Probe  
  59  7:33  Stalker x2  
  59  7:34  Sentry  
  65  7:40  Pylon  
  65  7:48  Probe  
  66  7:59  Pylon  
  66  8:02  Stalker x2, Sentry x2  
  75  8:05  Probe  
  75  8:07  Gateway  
  75  8:08  Probe  
  75  8:12  Pylon  
  76  8:21  Gateway  
  76  8:22  Observer  
  76  8:27  Pylon  
  76  8:32  Stalker x4  
  76  8:33  Sentry  
  86  8:40  Observer  
  87  8:46  Shield Battery  
  87  8:48  Shield Battery  
  87  8:51  Shield Battery  
  83  8:59  Sentry x3  
  83  9:00  Sentry x2  
Show
View Real Time Build Order
Export as new Build Order

Has Protoss - Winner!

Build Orders:  

Get SALT Encoding   

  12  0:00  Probe  
  13  0:12  Probe  
  14  0:18  Pylon  
  14  0:24  Probe (Chrono Boost)  
  15  0:37  Probe (Chrono Boost)  
  15  0:38  Gateway  
  16  0:42  Probe (Chrono Boost)  
  16  0:49  Assimilator  
  17  0:54  Probe  
  18  0:57  Assimilator  
  18  1:05  Gateway  
  18  1:07  Probe (Chrono Boost)  
  20  1:19  Probe (Chrono Boost)  
  20  1:23  Probe (Chrono Boost)  
  20  1:25  Cybernetics Core  
  21  1:33  Probe  
  21  1:35  Pylon  
  22  1:45  Probe  
  23  2:01  Stalker x2  
  26  2:02  Warp Gate  
  27  2:08  Pylon  
  27  2:26  Robotics Facility  
  27  2:31  Adept x2  
  27  2:34  Probe  
  31  2:46  Probe  
  32  3:02  Probe  
  33  3:18  Probe  
  33  3:34  Warp Prism (Chrono Boost)  
  33  3:36  Adept x2  
  38  3:42  Probe  
  37  3:50  Stargate  
  37  3:51  Stargate  
  35  3:57  Pylon  
  35  4:08  Pylon  
  35  4:14  Nexus  
  35  4:23  Adept x2  
  39  4:27  Probe  
  40  4:39  Phoenix  
  40  4:42  Phoenix  
  42  4:54  Probe  
  41  5:04  Phoenix (Chrono Boost)  
  43  5:07  Phoenix (Chrono Boost)  
  43  5:10  Probe  
  42  5:22  Probe  
  42  5:24  Pylon  
  42  5:28  Phoenix (Chrono Boost)  
  45  5:33  Assimilator, Phoenix (Chrono Boost)  
  45  5:34  Probe  
  48  5:37  Probe  
  49  5:45  Shield Battery  
  49  5:47  Probe  
  49  5:49  Phoenix (Chrono Boost)  
  50  5:55  Assimilator  
  52  5:57  Probe  
  52  5:59  Probe  
  54  6:09  Probe  
  54  6:11  Probe  
  56  6:13  Phoenix  
  56  6:14  Pylon  
  58  6:19  Phoenix  
  58  6:23  Probe  
  61  6:34  Probe  
  61  6:38  Phoenix  
  64  6:45  Pylon  
  64  6:46  Robotics Facility  
  65  6:47  Probe (Chrono Boost)  
  65  6:48  Probe (Chrono Boost)  
  66  6:58  Probe (Chrono Boost)  
  66  6:59  Probe (Chrono Boost)  
  68  7:03  Probe (Chrono Boost)  
  68  7:06  Phoenix (Chrono Boost)  
  74  7:10  Oracle (Chrono Boost)  
  74  7:21  Probe x2  
  76  7:26  Gateway x2  
  78  7:38  Pylon  
  78  7:40  Pylon  
  78  7:43  Shield Battery x2  
  76  7:49  Phoenix  
  78  7:57  Immortal (Chrono Boost)  
  82  8:03  Sentry x2  
  86  8:05  Phoenix  
  88  8:12  Pylon  
  88  8:14  Phoenix  
  90  8:25  Pylon  
  90  8:28  Pylon  
  90  8:33  Immortal (Chrono Boost)  
  90  8:39  Stalker x4  
  102  8:47  Phoenix x2  
  106  8:50  Pylon  
Tags
 
Add a new tag
Caveats
  • Supply blocks, unpowered buildings, or Contaminate may cause inaccurate times.
  • Supply counts are checked every 10 seconds.